 Dungeon Crawl Stone Soup version 0.21-a0-518-g43a1781948 (webtiles) character file.

77 Annonymus the Skirmisher (level 4, 0/40 HPs)
             Began as a Draconian Berserker on Dec 4, 2017.
             Was a Believer of Trog.
             Slain by a centaur (8 damage)
             ... on level 3 of the Dungeon.
             The game lasted 00:07:07 (1540 turns).

Annonymus the Skirmisher (Draconian Berserker)      Turns: 1540, Time: 00:07:07

Health: 0/40       AC:  5    Str: 20    XL:     4   Next: 13%
Magic:  4/4        EV: 12    Int:  7    God:    Trog [**....]
Gold:   105        SH:  0    Dex: 11    Spells: 3/3 levels left

rFire    . . .     SeeInvis .   a - +0 hand axe
rCold    . . .     Gourm    +   (no shield)
rNeg     . . .     Faith    .   (armour unavailable)
rPois    .         Spirit   .   (helmet restricted)
rElec    .         Reflect  .   (no cloak)
rCorr    .         Harm     .   (no gloves)
MR       .....                  (no boots)
Stlth    +.........             e - amulet of the gourmand
HPRegen  0.13/turn              (no ring)
MPRegen  0.09/turn              (no ring)

@: heavily drained
A: unfitting armour, cold-blooded, AC +5
a: Berserk, Trog's Hand, Burn Spellbooks, Renounce Religion


You were on level 3 of the Dungeon.
You worshipped Trog.
Trog was pleased with you.
You were hungry.

You visited 1 branch of the dungeon, and saw 3 of its levels.

You collected 105 gold pieces.

Inventory:

Hand Weapons
 a - a +0 hand axe (weapon)
Missiles
 k - a throwing net (quivered)
Jewellery
 e - an amulet of the gourmand (around neck)
 f - an uncursed amulet of harm
Potions
 c - 2 potions of lignification
 d - a potion of haste {unknown}
 h - a potion of brilliance
Comestibles
 b - 5 bread rations
 i - a meat ration


   Skills:
 * Level 4.1(2.7) Fighting
 * Level 3.8(2.5) Axes
 + Level 3.2(1.9) Dodging
 + Level 0.7(0.0) Stealth


You had 3 spell levels left.
You didn't know any spells.

Dungeon Overview and Level Annotations

Branches:
Dungeon (3/15)

Altars:

Shops:
D:3 *


Innate Abilities, Weirdness & Mutations

Your plain brown scales are hard. (AC +5)
You cannot fit into any form of body armour.
You are cold-blooded and may be slowed by cold attacks.


Message History

The centaur hits you.
* * * LOW HITPOINT WARNING * * *
The centaur hits you but does no damage.
You hit the centaur but do no damage.
Your tail-slap misses the centaur.
The centaur is moderately wounded.
The centaur misses you. The centaur barely misses you.
You hit the centaur.
The centaur is heavily wounded.
The centaur hits you but does no damage.
The centaur hits you.
* * * LOW HITPOINT WARNING * * *
You hit the centaur.
The centaur is severely wounded.
The centaur hits you.
* * * LOW HITPOINT WARNING * * *
The centaur barely misses you.
You hit the centaur but do no damage. You tail-slap the centaur.
The centaur is severely wounded.
The centaur hits you!
You die...

###
#.#
#(#
#(#
#(#
#@#
#c#
.[.
##..#
##.#
.# .#
.#


You could see a centaur.

Vanquished Creatures
  An adder (D:2)
  An ooze (D:1)
  An adder skeleton (D:2)
  2 worms (D:2)
  A dart slug (D:1)
  2 leopard geckos (D:2)
  An orc (D:2)
  8 bats
  3 giant cockroaches (D:1)
  4 goblins
  4 hobgoblins
  6 jackals (D:1)
  8 kobolds
  3 frilled lizards
  3 rats (D:1)
48 creatures vanquished.

Notes
Turn   | Place    | Note
-------+----------+-------------------------------------------
     0 | D:1      | Annonymus the Draconian Berserker began the quest for the Orb.
     0 | D:1      | Reached XP level 1. HP: 19/19 MP: 1/1
    67 | D:1      | Reached XP level 2. HP: 22/26 MP: 2/2
   322 | D:1      | Reached XP level 3. HP: 23/33 MP: 3/3
   479 | D:1      | Reached ** piety under Trog
   982 | D:2      | Reached skill level 4 in Fighting
  1164 | D:3      | Found Gozag's Platinum Reserve.
  1224 | D:2      | Reached XP level 4. HP: 34/40 MP: 4/4
  1528 | D:3      | Noticed a centaur
  1540 | D:3      | Slain by a centaur

Vault maps used:
D:1:      roderic_crop_circles_arrival_small
D:2:      first_bread
D:3:      gammafunk_temple_overflow_elements, overflow_temple_1_default,
          nicolae_overflow_crystal_walls, nicolae_gozag_zags_fifth_avenue,
          uniq_jessica, uniq_terence, uniq_sigmund, uniq_grinder

Skill      XL: |  1  2  3 |
---------------+----------+-----
Dodging        | 3 |  3.2
Fighting       | 4 |  4.1
Axes           | |  3.8
Stealth        | |  0.7

Action                   |  1- 3 |  4- 6 || total
-------------------------+-------+-------++-------
Melee: Hand axe          |   140 |    21 ||   161
       Tailslap          |    12 |     4 ||    16
  Use: Scroll            |     3 |     3 ||     6
  Eat: Chunk             |     2 |       ||     2
Armor: Skin              |    54 |    11 ||    65
Dodge: Dodged            |   112 |    19 ||   131

Table legend:
 A = Spawn XP
 B = Non-spawn XP
 C = Spawn XP percentage of total XP
 D = Spawn monster count
 E = Non-spawn monster count
 F = Spawn count percentage of total count
 G = Total turns spent on level
                    A         B        C        D         E        F      G
               +---------+---------+-------+---------+---------+-------+---------
         Total |       0 |     110 |   0.0 |       0 |      48 |   0.0 |  1540
               +---------+---------+-------+---------+---------+-------+---------
           D:1 |       0 |      53 |   0.0 |       0 |      27 |   0.0 |   848
           D:2 |       0 |      57 |   0.0 |       0 |      21 |   0.0 |   672
               +---------+---------+-------+---------+---------+-------+---------
